 Dungeon Crawl Stone Soup version 0.27-a0-1081-ge8a0a9c698 (webtiles) character file.

Game seed: 7305785808614096314

160 tardwrangler69 the Poker (level 5, -4/41 HPs)
             Began as a Merfolk Gladiator on Apr 25, 2021.
             Slain by an ogre
             ... wielding a +0 giant club
              (13 damage)
             ... on level 3 of the Dungeon.
             The game lasted 00:03:09 (4022 turns).

tardwrangler69 the Poker (Merfolk Gladiator)        Turns: 4022, Time: 00:03:10

Health: -4/41      AC:  4    Str: 15 (16) XL:     5   Next: 41%
Magic:  5/5        EV: 13    Int:  4 (7)  God:
Gold:   43         SH:  0    Dex: 13 (15) Spells: 4/4 levels left

rFire    . . .     SeeInvis .   a - +0 trident
rCold    . . .     Faith    .   (no shield)
rNeg     . . .     Spirit   .   b - +0 leather armour
rPois    +         Reflect  .   c - +0 helmet
rElec    .         Harm     .   (no cloak)
rCorr    .         Rampage  .   (no gloves)
Will     .....                  (no boots)
Stlth    +.........             (no amulet)
HPRegen  0.13/turn              p - ring of poison resistance
MPRegen  0.09/turn              (no ring)

@: mighty, flying
A: (nimble swimmer 2), mertail
a: no special abilities


You were on level 3 of the Dungeon.
You visited 1 branch of the dungeon, and saw 4 of its levels.

You collected 152 gold pieces.
You spent 109 gold pieces at shops.

Inventory:

Hand Weapons
 a - a +0 trident (weapon)
Missiles
 d - 3 throwing nets (quivered)
Armour
 b - a +0 leather armour (worn)
 c - a +0 helmet (worn)
Jewellery
 p - a ring of poison resistance (left hand)
Scrolls
 e - 3 scrolls of teleportation
 g - 5 scrolls of identify
 i - a scroll of torment
 n - a scroll of vulnerability {unknown}
 o - 3 scrolls of enchant armour {unknown}
Potions
 f - a potion of flight
 h - a potion of might
 j - a potion of brilliance {unknown}
 k - a potion of heal wounds
 l - a potion of curing


   Skills:
 + Level 3.4 Fighting
 * Level 6.9 Polearms
 - Level 2.0 Throwing
 + Level 5.2 Dodging


You had 4 spell levels left.
You didn't know any spells.
Your spell library was empty.

Dungeon Overview and Level Annotations

Branches:
Dungeon (4/15)
 Temple: D:4-7

Altars:

Shops:
D:3 [?**:


Innate Abilities, Weirdness & Mutations

((You are quick and stealthy near water. (Stealth+, EV+, Speed+++)))
Your lower body shifts to a powerful aquatic tail in water.


Message History

There is a stone staircase leading up here.
Okay, then.
You climb upwards.
There is a stone staircase leading down here.
p - a ring of poison resistance (left hand)
(D) Dungeon
Where to? (Enter - D:4, ? - help)
There is a stone staircase leading up here.
You climb upwards.
There is a stone staircase leading down here.
(D) Dungeon
Where to? (Enter - D:2, ? - help)
You climb downwards.
There is a stone staircase leading up here.
There is a stone staircase leading down here.
You climb downwards.
The ogre misses you.
There is a stone staircase leading up here.
The ogre closely misses you.
You climb upwards.
There is a stone staircase leading down here.
It was a potion of curing.
You feel better. The ogre misses you.
It was a potion of degeneration.
There was something very wrong with that liquid.
You feel weakened.
You feel dopey.
You feel clumsy. The ogre hits you with a +0 giant club!
It was a potion of flight.
You feel very buoyant.
You fly up into the air.
It was a potion of might.
You feel very mighty all of a sudden. The ogre hits you with a +0 giant club.
You puncture the ogre!
The ogre is heavily wounded.
The ogre hits you with a +0 giant club!!
Ouch! That really hurt!
* * * LOW HITPOINT WARNING * * *
You puncture the ogre!
The ogre is almost dead.
The ogre hits you with a +0 giant club!
You die...

..........#.......#
#########.#.#####.# # ###
#.#.# #.# #####.###.#.#
#.##### ......#...#.# #.....#
#####.#.###.#########.# #
#.#.#...#......##.#
#####.#.........#...#.##
..............(O@......#
............#.#.##..#..#
#########.....#.....#..#
.......##...........#..#
.......##...#..........#
.......##...#.######...#######
.......##.......#.##.........#
#......##...#.#.#.....######.#
'......##..##.#.#.##.## #.#


You could see an ogre.

Vanquished Creatures
  A water moccasin skeleton (D:3)
  A gnoll (D:1)
  4 adders
  2 dart slugs
  4 endoplasms
  4 giant cockroaches
  6 goblins
  4 hobgoblins
  4 jackals (D:3)
  8 kobolds
  4 quokkas
  5 ball pythons
  4 bats
  2 frilled lizards
  6 rats
59 creatures vanquished.

Vanquished Creatures (others)
  4 plants (D:2)
4 creatures vanquished.

Grand Total: 63 creatures vanquished

Notes
Turn   | Place    | Note
-------+----------+-------------------------------------------
     0 | D:1      | tardwrangler69 the Merfolk Gladiator began the quest for
                  | the Orb.
     0 | D:1      | Reached XP level 1. HP: 16/16 MP: 1/1
    65 | D:1      | Reached XP level 2. HP: 16/23 MP: 2/2
    66 | D:1      | Reached skill level 5 in Polearms
   508 | D:1      | Reached XP level 3. HP: 23/28 MP: 3/3
   665 | D:1      | Found a faded altar of an unknown god.
  1625 | D:2      | Reached XP level 4. HP: 26/34 MP: 4/4
  2351 | D:3      | Found Cytah's Magic Scroll Boutique.
  2362 | D:3      | Reached skill level 6 in Polearms
  2655 | D:3      | Reached skill level 5 in Dodging
  2655 | D:3      | Reached XP level 5. HP: 16/41 MP: 5/5
  2870 | D:3      | Found Ywedaus's Book Emporium.
  3137 | D:3      | Found Hupu Vea's General Store.
  3141 | D:3      | Bought a scroll of teleportation for 39 gold pieces
  3439 | D:3      | Found Icvaot's General Store.
  3442 | D:3      | Bought a potion of heal wounds for 70 gold pieces
  3602 | D:3      | Found Gadema's Antique Armour Shop.
  3924 | D:4      | Noticed an ogre
  4022 | D:3      | Slain by an ogre

Illustrated notes

Levels and vault maps discovered:
D:1:      dpeg_arrival_signposts, layout_loops_ring,
          hellmonk_ecumenical_altar_arch_garden
D:2:      layout_basic, serial_bayou_ford_a
D:3:      layout_basic, serial_shops, shop, shop, shop,
          nicolae_shop_behind_doors, nicolae_shop_statue_plus
D:4:      layout_layer_cave, lemuel_coloured_pillars_altar,
          minmay_temple_entry_gardened_gates

Skill      XL: |  1  2  3  4 |
---------------+-------------+-----
Polearms       | 5 6 |  6.9
Fighting       | 3 |  3.4
Dodging        | 5 |  5.2
Throwing       | |  2.0

Action                   |  1- 3 |  4- 6 || total
-------------------------+-------+-------++-------
Melee: Trident           |    83 |   103 ||   186
  Use: Scroll            |       |     6 ||     6
       Potion            |       |     4 ||     4
 Stab: Sleeping          |     4 |     1 ||     5
       Distracted        |     1 |       ||     1
Armor: Leather armour    |    19 |    16 ||    35
Dodge: Dodged            |    23 |    74 ||    97

Table legend: (Time is in decaauts)
 A = Elapsed time spent in this place.
 B = Non-inter-level travel time spent in this place.
 C = Inter-level travel time spent in this place.
 D = Time resting spent in this place.
 E = Time spent auto-exploring this place.
 F = Levels seen in this place.
 G = Mean time per level.
                   A        B        C        D        E       F      G
               +--------+--------+--------+--------+--------+-----+--------+
         Total |   4016 |   3864 |    152 |      0 |   3472 |   4 | 1004.0 |
       Dungeon |   4016 |   3864 |    152 |      0 |   3472 |   4 | 1004.0 |
               +--------+--------+--------+--------+--------+-----+--------+

Top non-repeatable levels by time:
     D:3: 1496 daAuts
     D:2: 1194 daAuts
     D:1: 1136 daAuts
     D:4: 188 daAuts
